 Dungeon Sprint DCSS version 0.17-a0-1691-g18a3847 (webtiles) character file.

633 cmyster the Fighter (level 7, -3/133 HPs)
             Began as an Ogre Fighter on Aug 20, 2015.
             Was an Initiate of Qazlal.
             Slain by Sonja
             ... wielding a +0 dagger of venom
              (5 damage)
             ... in the Dungeon (Sprint I: "Red Sonja").
             The game lasted 00:03:34 (641 turns).

cmyster the Fighter (Ogre Fighter)                   Turns: 641, Time: 00:03:34

Health: -3/133     AC:  3    Str: 27    XL:     7   Next: 49%
Magic:  7/7        EV: 13    Int:  8    God:    Qazlal [......]
Gold:   272        SH:  0    Dex: 10    Spells: 0 memorised, 6 levels left

rFire  . . .     SeeInvis .     d - +0 giant club
rCold  . . .     Clarity  .     b - +0 robe
rNeg   . . .     SustAt   .     (no shield)
rPois  .         Gourm    .     (helmet restricted)
rElec  .         Spirit   .     (no cloak)
rCorr  .         Warding  .     (gloves unavailable)
rMut   .         NoTele   +     (boots unavailable)
MR     .....                    (no amulet)
Stlth  ..........               (no ring)
                                (no ring)

@: berserking, lethally poisoned (-3 -> -28), slowed, not resistant to hostile
enchantments, extremely unstealthy
A: unfitting armour, tough skin 1
a: Renounce Religion


You were in the Dungeon.
You worshipped Qazlal.
Qazlal was noncommittal.
You were not hungry.

You visited 1 branch You collected 327 gold pieces.
You spent 55 gold pieces at shops.

Inventory:

Hand weapons
 a - a +0 flail
 d - a +0 giant club (weapon)
Armour
 b - a +0 robe (worn)
 c - a +0 shield
Scrolls
 k - a scroll of blinking
Potions
 h - a potion of haste
 i - 2 potions of magic
Comestibles
 e - a bread ration
 g - a meat ration


   Skills:
 + Level 11.8 Fighting
 + Level 6.9 Maces & Flails
 + Level 8.6 Dodging
 + Level 1.3 Stealth
 - Level 8.0 Shields


You had 6 spell levels left.
You didn't know any spells.

Dungeon Overview and Level Annotations

Branches:
Dungeon (1/1)

Altars:
Cheibriados
Dithmenos
Elyvilon
Fedhas
Gozag
Kikubaaqudgha
Makhleb
Nemelex Xobeh
Okawaru
Qazlal
Ru
Sif Muna
Trog
Vehumet
Xom
Yredelemnul
Zin
The Shining One
Jiyva

Shops:
D %

Annotations:
D Sonja


Innate Abilities, Weirdness & Mutations

You are too large for most types of armour.
You have tough skin (AC +1).


Message History

Sonja closely misses you.
Drink which item? (? for menu, Esc to quit)
A red film seems to cover your vision as you go berserk!
You feel yourself moving faster!
You feel mighty!
* * * LOW HITPOINT WARNING * * *
You feel very sick.
Sonja casts a spell.
Sonja blinks!
You feel a strong urge to attack something.
* * * LOW HITPOINT WARNING * * *
You feel sick.
You miss Sonja.
Sonja is moderately wounded.
* * * LOW HITPOINT WARNING * * *
You feel very sick.
Sonja hits you with an uncursed dagger of venom.
* * * LOW HITPOINT WARNING * * *
You are more poisoned.
Sonja hits you with an uncursed dagger of venom.
You die...

###################
#<.#..'..#..'..#__#
#..').#..').#..'..+
#..#####'#####'#__#
#..####..#...#.####
#..#__####..##[#
#..#_..__##+#(.+
#⌠⌠#_.∩...+.(._#
####_..._##_@#'#
#_____###K#.#
####### #(### +$.$+
#$.$# ##(## #+#


You could see Sonja.

Vanquished Creatures
  A slime creature (D)
  A yak (D)
  Sigmund (D)
  An ogre (D)
  A jelly (D)
  Ijyb (D)
6 creatures vanquished.

Vanquished Creatures (others)
  A gargoyle (D)
1 creature vanquished.

Grand Total: 7 creatures vanquished

Notes
Turn   | Place    | Note
--------------------------------------------------------------
     0 | D        | cmyster the Ogre Fighter began the quest for the Orb.
     0 | D        | Reached XP level 1. HP: 24/24 MP: 1/1
     2 | D        | Noticed Ijyb
    15 | D        | Killed Ijyb
    15 | D        | Reached skill level 5 in Fighting
    15 | D        | Reached XP level 2. HP: 20/36 MP: 2/2
    15 | D        | Reached XP level 3. HP: 24/44 MP: 3/3
   153 | D        | Noticed an ogre
   162 | D        | Killed an ogre
   162 | D        | Reached skill level 7 in Fighting
   162 | D        | Reached skill level 5 in Dodging
   162 | D        | Reached skill level 5 in Shields
   162 | D        | Reached XP level 4. HP: 42/57 MP: 4/4
   162 | D        | Reached XP level 5. HP: 46/63 MP: 5/5
   219 | D        | Killed a gargoyle
   248 | D        | Noticed Sigmund
   253 | D        | Killed Sigmund
   253 | D        | Reached skill level 9 in Fighting
   253 | D        | Reached skill level 5 in Maces & Flails
   253 | D        | Reached XP level 6. HP: 63/78 MP: 6/6
   329 | D        | Found a deep blue altar of Sif Muna.
   330 | D        | Noticed a jelly
   331 | D        | Found a radiant altar of Vehumet.
   335 | D        | Killed a jelly
   335 | D        | Reached skill level 10 in Fighting
   341 | D        | Found a snail-covered altar of Cheibriados.
   341 | D        | Found a viscous altar of Jiyva.
   341 | D        | Found a shadowy altar of Dithmenos.
   341 | D        | Found a blossoming altar of Fedhas.
   341 | D        | Noticed a slime creature
   348 | D        | Killed a slime creature
   348 | D        | Reached skill level 11 in Fighting
   348 | D        | Reached XP level 7. HP: 38/88 MP: 7/7
   580 | D        | Found Civulien's Food Emporium.
   580 | D        | Found a white marble altar of Elyvilon.
   580 | D        | Found a stormy altar of Qazlal.
   580 | D        | Found a burning altar of Makhleb.
   580 | D        | Found a sacrificial altar of Ru.
   580 | D        | Found a basalt altar of Yredelemnul.
   580 | D        | Found a glowing golden altar of the Shining One.
   580 | D        | Found a sparkling altar of Nemelex Xobeh.
   580 | D        | Found a shimmering altar of Xom.
   580 | D        | Found an opulent altar of Gozag.
   580 | D        | Found an ancient bone altar of Kikubaaqudgha.
   580 | D        | Found a glowing silver altar of Zin.
   580 | D        | Noticed a yak
   584 | D        | Killed a yak
   584 | D        | Reached skill level 1 in Stealth
   585 | D        | Found an iron altar of Okawaru.
   586 | D        | Found a bloodstained altar of Trog.
   589 | D        | Became a worshipper of Qazlal Stormbringer
   593 | D        | Bought a meat ration for 55 gold pieces
   618 | D        | Noticed Sonja
   641 | D        | HP: 6/133 [poisoned by Sonja]
   641 | D        | HP: 2/133 [Sonja/uncursed dagger of venom (4)]
   641 | D        | Slain by Sonja

Vault maps used:
D:        dungeon_sprint_1

Action                   |  1- 3 |  4- 6 |  7- 9 || total
-------------------------+-------+-------+-------++-------
Melee: Flail             |    18 |       |       ||    18
       Giant club        |       |    11 |    11 ||    22
  Use: Potion            |     2 |       |     2 ||     4
